 Dungeon Crawl Stone Soup version 0.21-a0-314-gb3271ec (webtiles) character file.

925 Hasart the Poker (level 8, -4/65 HPs)
             Began as a Formicid Fighter on Sept 29, 2017.
             Was a Believer of Okawaru.
             Killed by divine providence
             ... invoked by an orc priest
              (13 damage)
             ... on level 4 of the Dungeon.
             The game lasted 00:10:33 (4022 turns).

Hasart the Poker (Formicid Fighter)                 Turns: 4022, Time: 00:10:35

Health: -4/65      AC: 11    Str: 22    XL:     8   Next: 32%
Magic:  17/17      EV:  6    Int:  9    God:    Okawaru [**....]
Gold:   116        SH:  9    Dex: 10    Spells: 7/7 levels left

rFire    . . .     SeeInvis +   a - +0 trident
rCold    + . .     Gourm    .   c - +0 shield
rNeg     + . .     Faith    .   v - +0 chain mail {rC+}
rPois    .         Spirit   .   (helmet unavailable)
rElec    .         Reflect  .   (no cloak)
rCorr    .         Harm     .   y - +1 pair of gloves
MR       .....                  (no boots)
Stlth    ..........             (no amulet)
HPRegen  0.20/turn              i - ring of magical power
MPRegen  0.15/turn              q - ring of positive energy

@: no status effects
A: permanent stasis, dig shafts and tunnels, four strong arms, antennae 3
a: Dig, Shaft Self, Heroism, Renounce Religion


You were on level 4 of the Dungeon.
You worshipped Okawaru.
Okawaru was pleased with you.
You were not hungry.

You visited 1 branch of the dungeon, and saw 4 of its levels.

You collected 116 gold pieces.

Inventory:

Hand Weapons
 a - a +0 trident (weapon)
Missiles
 d - a throwing net (quivered)
Armour
 c - a +0 shield (worn)
 l - a +0 pair of gloves
 s - a +0 plate armour
 v - a +0 chain mail of cold resistance (worn)
 y - a +1 pair of gloves (worn)
Jewellery
 i - a ring of magical power (left hand)
 k - an uncursed ring of magical power
 q - a ring of positive energy (right hand)
 A - an uncursed amulet of regeneration {unknown}
Wands
 b - a wand of iceblast (8/15)
 r - a wand of lightning (3/15)
Scrolls
 e - 2 scrolls of teleportation {unknown}
 g - 2 scrolls of remove curse
 h - a scroll of immolation
 m - a scroll of amnesia {unknown}
 n - a scroll of fear {unknown}
 o - a scroll of magic mapping {unknown}
 t - a scroll of identify
Potions
 j - a potion of curing
 p - a potion of heal wounds {unknown}
 w - a potion of degeneration {unknown}
 x - a potion of invisibility {unknown}
Comestibles
 f - 4 bread rations
 u - 3 royal jellies
 z - 6 chunks of flesh


   Skills:
 + Level 6.5 Fighting
 * Level 7.6 Polearms
 - Level 3.2 Armour
 - Level 3.6 Shields


You had 7 spell levels left.
You didn't know any spells.

Dungeon Overview and Level Annotations

Branches:
Dungeon (4/15)
 Temple: D:4-7

Altars:
Nemelex Xobeh
Okawaru
Sif Muna
Vehumet


Innate Abilities, Weirdness & Mutations

You cannot be hasted, slowed, berserked, paralysed or teleported.
You can dig through walls and to a lower floor.
Your four strong arms can wield two-handed weapons with a shield.
You have a pair of large antennae on your head. (SInv)


Message History

Press: ? - help, Shift-Dir - straight line, f - orc wizard
Aim: an orc wizard, wielding a dagger and wearing a robe (slightly transparent)
The mass of ice explodes!
The iceblast engulfs the orc wizard.
The orc wizard is almost dead.
This wand has 8 charges left.
Unknown command.
Evoke which item? (* to show all) (? for menu, Esc to quit)
Aiming: Lightning Bolt (will waste charges)
Press: ? - help, Shift-Dir - straight line, f - bullfrog skeleton, p - orc wizard
Aim: a bullfrog skeleton You hear a mighty clap of thunder!
The bolt of lightning hits the orc wizard.
You kill the orc wizard!
Okawaru accepts your kill.
The bolt of lightning hits the bullfrog skeleton.
The bullfrog skeleton is moderately damaged.
Evoking this partially-identified wand wasted a few charges.
The orc priest calls down the wrath of Beogh upon you.
Beogh smites you!
You die...

#.# #........# #o#
#...#)#### #)#
##.##)# ##.#
#.##)# #Z.#
#.##.#### #.##
#.##.)).. #.#
#.><.)... #.#
#######.# #@#
#....) #.# #.##.#
#.# # #.. #.# ####
#.# #####.####
#.#######)........
#.............#
#########.#####
#.#


You could see an orc priest and a bullfrog skeleton.

Vanquished Creatures
  Sigmund (D:3)
  A black bear (D:4)
  An ogre (D:4)
  A centaur (D:3)
  The ghost of kal9871 the Gusty, an amateur TeAE (D:3)
  A bullfrog zombie (D:4)
  A hound (D:4)
  A jelly (D:3)
  An orc priest (D:3)
  An iguana (D:4)
  4 orc wizards
  4 adders
  8 gnolls (D:4)
  A worm (D:4)
  2 dart slugs
  4 leopard geckos
  7 orcs
  5 bats
  5 giant cockroaches (D:2)
  10 goblins
  12 hobgoblins
  4 jackals
  3 frilled lizards
  6 kobolds
  8 rats
93 creatures vanquished.

Vanquished Creatures (others)
  A jackal (D:3)
1 creature vanquished.

Grand Total: 94 creatures vanquished

Notes
Turn   | Place    | Note
-------+----------+-------------------------------------------
     0 | D:1      | Hasart the Formicid Fighter began the quest for the Orb.
     0 | D:1      | Reached XP level 1. HP: 18/18 MP: 1/1
   142 | D:1      | Reached XP level 2. HP: 24/24 MP: 2/2
   897 | D:2      | Reached XP level 3. HP: 30/30 MP: 3/3
   981 | D:2      | Reached skill level 3 in Polearms
  1095 | D:2      | Found a sparkling altar of Nemelex Xobeh.
  1488 | D:2      | Reached XP level 4. HP: 36/37 MP: 4/4
  1791 | D:2      | Found an iron altar of Okawaru.
  1901 | D:3      | Found a radiant altar of Vehumet.
  1999 | D:2      | Became a worshipper of Warmaster Okawaru
  2239 | D:3      | Reached skill level 4 in Polearms
  2239 | D:3      | Reached XP level 5. HP: 34/42 MP: 5/5
  2278 | D:3      | Noticed kal9871's ghost (amateur TeAE)
  2287 | D:3      | Killed kal9871's ghost
  2323 | D:3      | Reached * piety under Okawaru
  2349 | D:3      | Noticed a centaur
  2361 | D:3      | Killed a centaur
  2361 | D:3      | Reached skill level 5 in Fighting
  2361 | D:3      | Reached skill level 5 in Polearms
  2361 | D:3      | Reached XP level 6. HP: 28/51 MP: 6/6
  3239 | D:3      | Noticed Sigmund
  3246 | D:3      | Killed Sigmund
  3246 | D:3      | Reached ** piety under Okawaru
  3246 | D:3      | Reached skill level 6 in Polearms
  3246 | D:3      | Reached XP level 7. HP: 48/56 MP: 7/7
  3577 | D:4      | Reached skill level 7 in Polearms
  3577 | D:4      | Reached XP level 8. HP: 44/64 MP: 8/8
  3826 | D:4      | Found a deep blue altar of Sif Muna.
  4022 | D:4      | Killed from afar by an orc priest

Vault maps used:
D:1:      saegor_arrival_simple_b, serial_glass, glass_columns_a,
          glass_columns_b, glass_columns_a, glass_columns_c
D:2:      kennysheep_six_static_rooms, old_standard_altar,
          okawaru_altar_gauntlet_db
D:3:      fiery_altar_vehumet, uniq_sigmund
D:4:      kennysheep_mini_moat, minmay_temple_entry_hall

Skill      XL: |  1  2  3  4  5  6  7 |
---------------+----------------------+-----
Fighting       | 4 5 6 |  6.5
Polearms       | 3 4 5 6 7 |  7.6
Armour         | |  3.2
Shields        | |  3.6

Action                   |  1- 3 |  4- 6 |  7- 9 || total
-------------------------+-------+-------+-------++-------
Melee: Trident           |   139 |   154 |   115 ||   408
Evoke: Wand              |       |       |     2 ||     2
  Use: Potion            |       |     3 |       ||     3
       Scroll            |       |       |     3 ||     3
  Eat: Chunk             |     2 |     6 |     3 ||    11
Armor: Scale mail        |    47 |       |       ||    47
       Plate armour      |    11 |   129 |       ||   140
       Chain mail        |       |     8 |    55 ||    63
Dodge: Dodged            |    36 |    29 |    26 ||    91
Block: Shield            |    68 |    89 |    58 ||   215

Table legend:
 A = Spawn XP
 B = Non-spawn XP
 C = Spawn XP percentage of total XP
 D = Spawn monster count
 E = Non-spawn monster count
 F = Spawn count percentage of total count
 G = Total turns spent on level
                    A         B        C        D         E        F      G
               +---------+---------+-------+---------+---------+-------+---------
         Total |       0 |    1322 |   0.0 |       0 |      93 |   0.0 |  4022
               +---------+---------+-------+---------+---------+-------+---------
           D:1 |       0 |      15 |   0.0 |       0 |       8 |   0.0 |   594
           D:2 |       0 |      87 |   0.0 |       0 |      40 |   0.0 |  1835
           D:3 |       0 |     578 |   0.0 |       0 |      23 |   0.0 |   999
           D:4 |       0 |     642 |   0.0 |       0 |      22 |   0.0 |   594
               +---------+---------+-------+---------+---------+-------+---------
